 Dungeon Crawl Stone Soup version 0.32-a0-931-g5a2cda0630 (webtiles) character file.

Game seed: 1962581038814468066

18463 HokiCoki the Blocker (level 12, -3/62 HPs)
             Began as a Vine Stalker Fighter on Apr 13, 2024.
             Was the Champion of Jiyva.
             Succumbed to a black mamba's poison
             ... on level 2 of the Lair of Beasts.
             The game lasted 00:57:59 (9976 turns).

HokiCoki the Blocker (Vine Stalker Fighter)         Turns: 9976, Time: 00:58:02

Health: -3/62      AC: 19    Str: 24    XL:     12   Next: 58%
Magic:  9/14       EV:  7    Int:  8    God:    Jiyva [******]
Gold:   562        SH: 16    Dex: 14    Spells: 11/11 levels left

rFire   + + .        b - +4 flail (protect)
rCold   + + +        n - +0 tower shield
rNeg    . . .        I - +2 chain mail
rPois   .            (helmet restricted)
rElec   .            d - +1 cloak
rCorr   +            L - +0 pair of gloves
SInv    .            H - +0 pair of boots
Will    +....        (no amulet) Stlth
                     l - ring of ice
HPRegen 2.70/turn    y - +4 ring of protection
MPRegen 0.94/turn

%: guardian spirit
@: lethally poisoned (-3 -> -39)
A: fangs 3, regeneration 1, magic shield, antimagic bite, no potion heal 2,
antennae 1, talons 1, iridescent scales 1, cold resistance 2, fire resistance 3,
high MP 1, pseudopods 2, jelly absorbing missiles
a: Renounce Religion, Oozemancy, Slimify


You were on level 2 of the Lair of Beasts.
You worshipped Jiyva.
Jiyva was exalted by your worship.
You visited 3 branches of the dungeon, and saw 13 of its levels.

You collected 562 gold pieces.

Inventory:

Hand Weapons
 b - a +4 flail of protection (weapon)
 f - the +6 dire flail of the Blue Skies {venom, rElec rN+ Str+2 Dex-4}
   (You took it off an ogre on level 3 of the Dungeon)

   Str+2:     It affects your strength (+2).
   Dex-4:     It affects your dexterity (-4).
   rElec:     It insulates you from electricity.
   rN+:       It protects you from negative energy.
 q - a +1 dagger of freezing
 v - a +4 quarterstaff of chaos
 z - the +10 dagger of Disembowelment {pain, rCorr Str+2}
   (You found it on level 4 of the Dungeon)

   Str+2:     It affects your strength (+2).
   rCorr:     It protects you from acid and corrosion.
 J - a +2 orcbow of electrocution
 M - a +1 halberd of freezing
 N - a +0 morningstar of flaming
 S - the +3 spear of Armageddon {protect, +Blink rElec Stlth+}
   (You found it on level 2 of the Lair of Beasts)

   rElec:     It insulates you from electricity.
   +Blink:    It lets you blink.
   Stlth+:    It makes you more stealthy.
Missiles
 G - 2 throwing nets
Armour
 d - a +1 cloak (worn)
 n - a +0 tower shield (worn)
 A - a +0 helmet
 H - a +0 pair of boots (worn)
 I - a +2 chain mail (worn)
 L - a +0 pair of gloves (worn)
Jewellery
 l - a ring of ice (left hand)
 w - an amulet of magic regeneration
 y - a +4 ring of protection (right hand)
 E - a ring of willpower
Wands
 p - a wand of polymorph (10) (quivered)
Scrolls
 a - a scroll of vulnerability {unknown}
 g - a scroll of enchant weapon {unknown}
 i - 5 scrolls of identify
 k - 2 scrolls of teleportation
 m - 3 scrolls of blinking
 o - 3 scrolls of noise
 u - 3 scrolls of fog {unknown}
 x - 7 scrolls of poison
 C - 3 scrolls of immolation {unknown}
 F - a scroll of enchant armour {unknown}
 K - 2 scrolls of fear
Potions
 c - 3 potions of heal wounds {unknown}
 e - 2 potions of attraction {unknown}
 h - 2 potions of resistance {unknown}
 j - 3 potions of lignification {unknown}
 r - 4 potions of curing {unknown}
 s - a potion of berserk rage {unknown}
 t - 3 potions of cancellation {unknown}
 D - a potion of ambrosia {unknown}
 O - 3 potions of mutation {unknown}
 P - a potion of might
 Q - a potion of brilliance {unknown}
 R - a potion of degeneration {unknown}


   Skills:
 + Level 6.6 Fighting
 + Level 1.1 Short Blades
 + Level 9.8 Maces & Flails
 + Level 5.3 Polearms
 + Level 7.3 Armour
 + Level 4.3 Dodging
 + Level 2.5 Stealth
 + Level 10.8 Shields


You had 11 spell levels left.
You didn't know any spells.
Your spell library contained the following spells:

 Spells                   Type           Power      Damage    Failure   Level
 Necrotise                Necr           0%         1d4       100%        1
 Inner Flame              Hex/Fire       0%         N/A       100%        3
 Vampiric Draining        Necr           0%         2d6       100%        3
 Animate Armour           Summ/Erth      0%         N/A       100%        4
 Flame Wave               Conj/Fire      0%         2d4       100%        4
 Martyr's Knell           Necr/Summ      0%         N/A       100%        4
 Olgreb's Toxic Radiance  Alch           0%         N/A       100%        4
 Sticky Flame             Fire/Alch      0%         2d4       100%        4
 Curse of Agony           Necr           0%         N/A       100%        5
 Ozocubu's Refrigeration  Ice            0%         4d7       100%        7
 Discord                  Hex            0%         N/A       100%        8


Dungeon Overview and Level Annotations

Branches:
Dungeon (10/15)            Temple (0/1) D:6            Lair (2/5) D:10
  Snake (1/4) Lair:2
  Swamp: Lair:2-3    Shoals: Lair:2-3       Orc: D:9-12

Altars:
Ashenzari
Cheibriados
Elyvilon
Sif Muna
Trog
The Shining One
Jiyva

Shops:
D:1 (   D:4 !


Innate Abilities, Weirdness & Mutations

You have razor-sharp teeth.
Your natural rate of healing is unusually fast.
When hurt, damage is shared between your health and your magic reserves.
Your bite disrupts and absorbs the magic of your enemies.
Potions cannot restore your health.
You have a pair of small antennae on your head.
You have sharp toenails.
You are partially covered in iridescent scales. (AC +2)
Your flesh is very cold resistant. (rC++)
Your flesh is almost immune to the effects of heat. (rF+++)
You have an increased reservoir of magic. (+10% MP)
Armour fits poorly on your large pseudopods.
You have a small jelly attached to you that may absorb projectiles.


Message History

This branch contains the serpentine rune of Zot.
You are poisoned.
You are more poisoned.
The black mamba bites you.
You are more poisoned.
The black mamba poisons you! You block the black mamba's attack. x2
There is a staircase back to the Lair here.
You closely miss the black mamba. Your bite misses the black mamba.
Your bludgeon misses the black mamba.
You feel extremely sick.
You are more poisoned.
You block the black mamba's attack.
The black mamba bites you but does no damage.
The black mamba barely misses you. You block the black mamba's attack. x2
The black mamba bites you.
You are more poisoned.
The black mamba poisons you!
You sock the black mamba!
Your weapon exudes an aura of protection.
Your bite misses the black mamba. Your bludgeon misses the black mamba.
The black mamba is moderately wounded.
You feel extremely sick.
You are more poisoned.
The black mamba barely misses you.
The black mamba bites you but does no damage.
You block the black mamba's attack.
The black mamba bites you but does no damage.
You block the black mamba's attack. x2
You feel extremely sick.
You are lethally poisoned!
The black mamba bites you but does no damage.
The black mamba bites you.
* * * LOW HITPOINT WARNING * * *
You block the black mamba's attack.
The black mamba bites you but does no damage.
The black mamba closely misses you. The black mamba bites you.
* * * LOW HITPOINT WARNING * * *
You are more poisoned.
The black mamba poisons you!
You climb upwards.
Welcome back to the Lair of Beasts!
You die...
Jiyva sends a jelly to digest your remains.

.......# ### ##................
###.#.## ##................ ###.#
#................. #####.#####
##................. #.##...##.#
###...###............
.......##.###.......#............
............#.......#...#........
.P#P...###.......S...#..###.##.##
####..## #.....S@.......###.####
##.## ##....S......####...# #...#
#.#.......#..#.....#
##.#####.#.......#........#
#####..##...###...###.......##
............................###
.......###P...................#
.......# #..................#####
.......# ##............^....# #.


You could see 3 black mambas.

Vanquished Creatures
  An anaconda (Lair:2)
  The ghost of Meejax the Carver, a novice DsGl of Dithmenos (D:7)
  A moth of wrath (D:7)
  5 cane toads
  3 black mambas
  2 komodo dragons (Lair:2)
  A hornet (D:9)
  4 blink frogs (Lair:2)
  2 wraiths
  Sigmund (D:2)
  2 wyverns
  27 yaks
  The ghost of AutarchDCSS the Cutter, an amateur DrCK of Xom (D:3)
  A steam dragon (D:6)
  8 water moccasins
  3 nagas (Lair:2)
  An acid dragon (D:9)
  Edmund (D:5)
  4 ice beasts
  4 ogres
  7 orc warriors
  5 black bears
  13 wolves
  A centaur (D:9)
  A phantom (D:4)
  2 kobold brigands
  7 bullfrogs
  A gnoll sergeant (D:9)
  2 scorpions (D:5)
  15 wights
  6 killer bees (D:7)
  7 howler monkeys
  2 bombardier beetles
  Crazy Yiuf (D:2)
  5 hounds
  3 orc priests
  A sleepcap (D:5)
  Jessica (D:2)
  2 gnoll boudas (D:7)
  Terence (D:2)
  An iguana (D:5)
  Natasha (thrice) (D:2)
  9 orc wizards
  A spectral hound (D:4)
  A hound skeleton (D:4)
  16 gnolls
  A howler monkey skeleton (D:4)
  5 adders
  2 ufetubi (D:7)
  3 adder zombies (D:4)
  A ribbon worm (D:3)
  32 orcs
  4 bats
  3 endoplasms (D:2)
  2 giant cockroaches
  8 goblins
  5 hobgoblins
  4 jackals (D:1)
  17 kobolds
  3 quokkas
  9 ball pythons
  2 frilled lizards
  A rat (D:1)
289 creatures vanquished.

Vanquished Creatures (collateral kills)
  3 komodo dragons (Lair:2)
3 creatures vanquished.

Vanquished Creatures (others)
  A cane toad (Lair:2)
  2 yaks
  A scorpion (D:5)
  13 jellies
  An orc wizard (D:3)
  2 orcs (D:5)
  An endoplasm (D:3)
  A kobold (D:3)
  A quokka (D:3)
23 creatures vanquished.

Grand Total: 315 creatures vanquished

Notes
Turn   | Place    | Note
-------+----------+-------------------------------------------
     0 | D:1      | HokiCoki the Vine Stalker Fighter began the quest for the
                  | Orb.
     0 | D:1      | Reached XP level 1. HP: 11/11 MP: 2/2
   133 | D:1      | Found Buviopn's Weapon Shop.
   141 | D:1      | Reached XP level 2. HP: 16/16 MP: 3/3
   483 | D:2      | Noticed Natasha
   488 | D:2      | Killed Natasha
   489 | D:2      | Reached skill level 3 in Shields
   489 | D:2      | Reached XP level 3. HP: 17/20 MP: 1/4
   533 | D:2      | Reached XP level 4. HP: 22/24 MP: 5/5
   567 | D:2      | Noticed Terence
   578 | D:2      | Killed Terence
   675 | D:2      | Noticed Natasha
   683 | D:2      | Killed Natasha
   684 | D:2      | Reached XP level 5. HP: 25/28 MP: 2/6
   757 | D:2      | Noticed Jessica
   774 | D:2      | Killed Jessica
   947 | D:2      | Noticed Sigmund
   954 | D:2      | Killed Sigmund
   955 | D:2      | Reached XP level 6. HP: 33/33 MP: 7/7
   979 | D:2      | Found a faded altar of an unknown god.
   986 | D:2      | Prayed at the altar of an unknown god.
   986 | D:2      | Became a worshipper of Jiyva Jiusm the Shapeless
   986 | D:2      | Reached * piety under Jiyva
   992 | D:2      | Noticed Natasha
  1003 | D:2      | Killed Natasha
  1013 | D:2      | Identified the +1 leather armour of Lethargy {rElec rPois}
  1068 | D:2      | Found a runed translucent door.
  1069 | D:2      | Noticed Crazy Yiuf
  1079 | D:2      | Killed Crazy Yiuf
  1519 | D:3      | Reached ** piety under Jiyva
  1521 | D:3      | Found a snail-covered altar of Cheibriados.
  1531 | D:3      | Reached XP level 7. HP: 37/37 MP: 8/8
  1591 | D:3      | Found a bloodstained altar of Trog.
  1611 | D:3      | Found a shimmering blue altar of Sif Muna.
  1611 | D:3      | Found a white marble altar of Elyvilon.
  1612 | D:3      | Found a glowing golden altar of the Shining One.
  1863 | D:3      | Found a transporter.
  1865 | D:3      | Noticed AutarchDCSS's ghost (amateur DrCK)
  1866 | D:3      | Found a transporter.
  1866 | D:3      | Identified the +6 dire flail of the Blue Skies {venom,
                  | rElec rN+ Str+2 Dex-4}
  2320 | D:3      | HP: 1/37 [poisoned by an ogre]
  2373 | D:3      | Killed AutarchDCSS's ghost
  2374 | D:3      | Reached skill level 5 in Polearms
  2374 | D:3      | Reached skill level 1 in Dodging
  2374 | D:3      | Reached skill level 4 in Shields
  2586 | D:4      | Reached skill level 1 in Stealth
  2668 | D:4      | Gained mutation: You have razor-sharp teeth. [Vine Stalker
                  | growth]
  2668 | D:4      | Reached XP level 8. HP: 42/42 MP: 9/9
  2770 | D:4      | Found a broken altar of Ashenzari.
  2858 | D:4      | Found Ruful's Distillery.
  2892 | D:4      | Reached *** piety under Jiyva
  2892 | D:4      | Gained mutation: Your flesh is cold resistant. (rC+)
                  | [Jiyva's grace]
  2892 | D:4      | Gained mutation: Your flesh is very cold resistant. (rC++)
                  | [Jiyva's grace]
  2892 | D:4      | Gained mutation: Your flesh is almost immune to the effects
                  | of cold. (rC+++) [Jiyva's grace]
  2892 | D:4      | Gained mutation: You have sharp toenails. [Jiyva's grace]
  2937 | D:4      | Reached skill level 1 in Maces & Flails
  2942 | D:4      | Identified the +10 dagger of Disembowelment {pain, rCorr
                  | Str+2}
  3686 | D:5      | Entered Level 5 of the Dungeon
  3752 | D:5      | Noticed Edmund
  3768 | D:5      | Killed Edmund
  3810 | D:5      | Reached XP level 9. HP: 46/46 MP: 10/10
  3921 | D:5      | Reached skill level 5 in Armour
  4172 | D:6      | Found a staircase to the Ecumenical Temple.
  4178 | D:6      | Reached **** piety under Jiyva
  4302 | D:6      | Reached skill level 5 in Shields
  4708 | D:6      | Reached skill level 1 in Short Blades
  5090 | D:7      | Found a transporter.
  5093 | D:7      | Found a transporter.
  5128 | D:7      | Found a bloodstained altar of Trog.
  5131 | D:7      | Reached ***** piety under Jiyva
  5134 | D:7      | Reached skill level 5 in Maces & Flails
  5233 | D:7      | Reached skill level 6 in Shields
  5269 | D:7      | Noticed Meejax's ghost (novice DsGl)
  5269 | D:7      | Noticed a moth of wrath
  5348 | D:7      | Reached skill level 5 in Fighting
  5485 | D:7      | Killed a moth of wrath
  5486 | D:7      | Reached XP level 10. HP: 51/51 MP: 9/11
  5496 | D:7      | Killed Meejax's ghost
  5497 | D:7      | Reached skill level 7 in Shields
  5549 | D:8      | Gained mutation: You have a small jelly attached to you
                  | that may absorb projectiles. [Jiyva's grace]
  5549 | D:8      | Gained mutation: Your melee attacks may engulf your foes in
                  | ooze. [Jiyva's grace]
  5549 | D:8      | Gained mutation: You have a pair of small antennae on your
                  | head. [Jiyva's grace]
  5549 | D:8      | Gained mutation: You have a pair of antennae on your head.
                  | [Jiyva's grace]
  5733 | D:8      | Got the Quarto of the Earthen Blizzard
  6432 | D:9      | Reached skill level 8 in Shields
  6471 | D:9      | Reached XP level 11. HP: 47/55 MP: 10/12
  6552 | D:9      | Paralysed by a hornet for 3 turns
  6733 | D:9      | Lost mutation: Your flesh is almost immune to the effects
                  | of cold. (rC+++) [Jiyva's grace]
  6733 | D:9      | Lost mutation: Your melee attacks may engulf your foes in
                  | ooze. [Jiyva's grace]
  6733 | D:9      | Gained mutation: Armour fits poorly on your pseudopods.
                  | [Jiyva's grace]
  6733 | D:9      | Gained mutation: Armour fits poorly on your large
                  | pseudopods. [Jiyva's grace]
  6733 | D:9      | Gained mutation: Armour fits poorly on your massive
                  | pseudopods. [Jiyva's grace]
  6733 | D:9      | Gained mutation: You are partially covered in iridescent
                  | scales. (AC +2) [Jiyva's grace]
  7022 | D:9      | Reached ****** piety under Jiyva
  7418 | D:10     | Entered Level 10 of the Dungeon
  7538 | D:10     | Reached skill level 9 in Shields
  7731 | D:10     | Found a staircase to the Lair.
  8116 | Lair:1   | Entered Level 1 of the Lair of Beasts
  8771 | Lair:2   | Lost mutation: You have a pair of antennae on your head.
                  | [Jiyva's grace]
  8771 | Lair:2   | Lost mutation: Armour fits poorly on your massive
                  | pseudopods. [Jiyva's grace]
  8771 | Lair:2   | Gained mutation: Your flesh is heat resistant. (rF+)
                  | [Jiyva's grace]
  8771 | Lair:2   | Gained mutation: Your flesh is very heat resistant. (rF++)
                  | [Jiyva's grace]
  8771 | Lair:2   | Gained mutation: Your flesh is almost immune to the effects
                  | of heat. (rF+++) [Jiyva's grace]
  8771 | Lair:2   | Gained mutation: You have an increased reservoir of magic.
                  | (+10% MP) [Jiyva's grace]
  8790 | Lair:2   | Reached skill level 10 in Shields
  8790 | Lair:2   | Reached XP level 12. HP: 51/61 MP: 14/14
  9168 | Lair:2   | Found a staircase to the Snake Pit.
  9171 | Lair:2   | Identified the +3 spear of Armageddon {protect, +Blink
                  | rElec Stlth+}
  9897 | Snake:1  | Entered Level 1 of the Snake Pit
  9905 | Snake:1  | Noticed an anaconda
  9968 | Lair:2   | Killed an anaconda
  9976 | Lair:2   | Succumbed to a black mamba's poison

Illustrated notes

Levels and vault maps discovered:
D:1:      mainiacjoe_arrival_reflecting_pool, layout_basic, serial_shops,
          nicolae_square_shop
D:2:      layout_loops_ring, nicolae_ecumenical_snake_handling,
          kennysheep_generic_room_6, uniq_jessica, uniq_sigmund,
          uniq_crazy_yiuf_cottage, uniq_natasha, uniq_terence
D:3:      layout_loops_ring, mainiacjoe_overflow_brackets, slow_altar_1,
          gammafunk_temple_overflow_forgotten, gammafunk_ghost_smash
D:4:      layout_loops_ring, general_overflow_altar, serial_shops, shop,
          dilly_guarded_unrand_morg
D:5:      layout_rooms, sigmund_army, uniq_edmund
D:6:      layout_loops_ring, minmay_temple_entry_stoned_glass
D:7:      layout_basic, gammafunk_ghost_wrathful_warriors
D:8:      layout_loops_ring, kennysheep_big_empty_room
D:9:      layout_stronghold, nrook_campfire
D:10:     layout_irregular_city, lair_entry_dummy
Lair:1:   layout_big_grid, minmay_holes, infiniplex_staircase_pool_2,
          grunt_megastairs_1
Lair:2:   layout_small_grid, minmay_snake_entry_guardpost_small,
          nicolae_volcano_entry_s_turn, beast_lair_carwin_5
Snake:1:  layout_layer_cave, special_room

Skill      XL: |  1  2  3  4  5  6  7  8  9 10 11 12 |
---------------+-------------------------------------+-----
Fighting       | 3 4 5 6 |  6.6
Polearms       | 2 3 4 5 |  5.3
Shields        | 3 4 6 8 10 | 10.8
Armour         | 3 4 5 6 7 |  7.3
Dodging        | 1 2 3 4 |  4.3
Stealth        | 1 2 |  2.5
Maces & Flails | 3 5 7 9 |  9.8
Short Blades   | 1 |  1.1

Action                     |  1- 3 |  4- 6 |  7- 9 | 10-12 || total
---------------------------+-------+-------+-------+-------++-------
  Melee: Trident           |    46 |    99 |    39 |       ||   184
         Bite              |     6 |    17 |    94 |   187 ||   304
         Dire flail        |       |       |    52 |       ||    52
         Dagger            |       |       |    69 |       ||    69
         Kick              |       |       |    52 |       ||    52
         Flail             |       |       |   177 |   549 ||   726
         Pseudopods        |       |       |       |    63 ||    63
 Invoke: Slimify           |       |       |       |     1 ||     1
         Oozemancy         |       |       |       |     1 ||     1
    Use: Scroll            |       |       |     6 |     2 ||     8
         Potion            |       |       |     1 |     1 ||     2
 Armour: Scale mail        |    38 |    42 |    91 |       ||   171
         Skin              |       |     2 |       |       ||     2
         Plate armour      |       |       |   301 |     9 ||   310
         Chain mail        |       |       |       |   458 ||   458
  Dodge: Dodged            |    18 |    24 |   112 |   148 ||   302
  Block: Buckler           |     8 |     2 |       |       ||    10
         Tower shield      |       |    62 |   319 |   702 ||  1083

Table legend: (Time is in decaauts)
 A = Elapsed time spent in this place.
 B = Non-inter-level travel time spent in this place.
 C = Inter-level travel time spent in this place.
 D = Time resting spent in this place.
 E = Time spent auto-exploring this place.
 F = Levels seen in this place.
 G = Mean time per level.
                   A        B        C        D        E       F      G
               +--------+--------+--------+--------+--------+-----+--------+
         Total |  10248 |  10248 |      0 |    342 |   5688 |  13 |  788.3 |
       Dungeon |   8359 |   8359 |      0 |    315 |   4589 |  10 |  835.9 |
          Lair |   1867 |   1867 |      0 |     27 |   1099 |   2 |  933.5 |
     Snake Pit |     21 |     21 |      0 |      0 |      0 |   1 |   21.0 |
               +--------+--------+--------+--------+--------+-----+--------+

Top non-repeatable levels by time:
  Lair:2: 1201 daAuts
     D:4: 1161 daAuts
     D:3: 1140 daAuts
     D:9: 1065 daAuts
     D:2: 984 daAuts
     D:8: 861 daAuts
     D:7: 768 daAuts
    D:10: 709 daAuts
     D:6: 687 daAuts
  Lair:1: 666 daAuts
     D:5: 501 daAuts
     D:1: 479 daAuts
 Snake:1: 21 daAuts
